 Dungeon Crawl Stone Soup version 0.30-a0-723-gc1506a1cf0 (webtiles) character file.

Game seed: 10631082642905974707

1266 voltaire321 the Conjurer (level 8, -1/67 HPs)
             Began as a Green Draconian Conjurer on Jan 29, 2023.
             Was a Believer of Vehumet.
             Slain by an iguana (10 damage)
             ... on level 5 of the Dungeon.
             The game lasted 00:15:14 (5988 turns).

voltaire321 the Conjurer (Green Draconian Conjurer) Turns: 5988, Time: 00:15:15

Health: -1/67      AC:  9    Str: 10    XL:     8   Next: 27%
Magic:  12/14      EV: 13    Int: 24    God:    Vehumet [**....]
Gold:   341        SH:  0    Dex:  9    Spells: 10/16 levels left

rFire   . . .      SeeInvis .    f - +1 dagger (elec)
rCold   . . .      Faith    .    (no shield)
rNeg    . . .      Spirit   .    (body armour unavailable)
rPois   +          Reflect  .    u - +0 hat {Int+3}
rElec   .          Harm     .    (no cloak)
rCorr   .          Rampage  .    l - +0 pair of gloves
Will    .....                    w - +1 pair of boots
Stlth   ++                       (no amulet)
HPRegen 0.31/turn                (no ring)
MPRegen 0.14/turn                (no ring)

@: no status effects
A: breathe noxious fumes, AC +6, unfitting armour, poison resistance,
cold-blooded
a: Breathe Noxious Fumes, Renounce Religion


You were on level 5 of the Dungeon.
You worshipped Vehumet.
Vehumet was pleased with you.
You visited 1 branch of the dungeon, and saw 6 of its levels.

You collected 341 gold pieces.

Inventory:

Hand Weapons
 f - a +1 dagger of electrocution (weapon)
Missiles
 x - a throwing net
Armour
 l - a +0 pair of gloves (worn)
 u - a +0 hat of intelligence (worn)
 w - a +1 pair of boots (worn)
 y - a +0 buckler
Magical Staves
 E - a staff of conjuration
Jewellery
 F - a +6 ring of dexterity
Wands
 n - a wand of flame (44)
 v - a wand of acid (3)
Scrolls
 b - a scroll of vulnerability {unknown}
 c - 9 scrolls of identify {unknown}
 e - 3 scrolls of noise {unknown}
 h - a scroll of enchant armour {unknown}
 j - a scroll of silence {unknown}
 m - a scroll of fog {unknown}
 o - 2 scrolls of magic mapping {unknown}
 p - 2 scrolls of blinking {unknown}
 q - a scroll of teleportation {unknown}
 r - 3 scrolls of fear {unknown}
 s - 3 scrolls of enchant weapon {unknown}
 t - a scroll of amnesia {unknown}
 B - a scroll of brand weapon {unknown}
Potions
 a - a potion of magic
 d - a potion of flight {unknown}
 g - a potion of attraction {unknown}
 i - 3 potions of curing {unknown}
 k - 2 potions of lignification {unknown}
 z - a potion of brilliance {unknown}
 A - a potion of resistance {unknown}
 C - a potion of haste {unknown}
 D - a potion of ambrosia {unknown}


   Skills:
 + Level 4.9 Fighting
 + Level 4.6 Dodging
 - Level 1.7 Stealth
 + Level 2.1 Shields
 + Level 4.5 Spellcasting
 + Level 6.2 Conjurations
 - Level 2.0 Hexes


You had 10 spell levels left.
You knew the following spells:

 Your Spells              Type           Power      Damage    Failure   Level
a - Magic Dart            Conj           100%       1d8       1%          1
b - Searing Ray           Conj           70%        2d7       1%          2
c - Dazzling Flash        Conj/Hex       50%        N/A       5%          3

Your spell library contained the following spells:

 Spells                   Type           Power      Damage    Failure   Level
 Freeze                   Ice            20%        1d4       10%         1
 Fulminant Prism          Conj/Hex       12%        3d9       17%         4
 Portal Projectile        Hex/Tloc       20%        N/A       19%         3
 Iskenderun's Mystic Bla  Conj/Tloc      20%        2d6       26%         4
 Call Canine Familiar     Summ           5%         N/A       28%         3
 Leda's Liquefaction      Hex/Erth       5%         N/A       52%         4
 Animate Dead             Necr           5%         N/A       67%         4
 Borgnjor's Vile Clutch   Necr/Erth      2%         N/A       95%         5
 Death Channel            Necr           2%         N/A       100%        6


Dungeon Overview and Level Annotations

Branches:
Dungeon (6/15)
 Temple: D:4-7

Altars:
Kikubaaqudgha
Nemelex Xobeh
Sif Muna
Vehumet
Zin


Innate Abilities, Weirdness & Mutations

You can breathe blasts of noxious fumes.
Your lurid green scales are hard. (AC +6)
You cannot fit into any form of body armour.
Your system is resistant to poisons. (rPois)
You are cold-blooded and may be slowed by cold attacks.


Message History

* * * LOW HITPOINT WARNING * * *
You climb downwards.
There is a stone staircase leading up here.
Things that are here:
a +0 scale mail; a +0 war axe; an orc corpse You barely miss the orc wizard.
You tail-slap the orc wizard, but do no damage.
The orc wizard is severely wounded.
The orc wizard misses you.
You hit the orc wizard but do no damage.
You tail-slap the orc wizard, but do no damage.
The orc wizard is heavily wounded.
The orc barely misses you. The iguana closely misses you.
The orc wizard hits you but does no damage.
The orc closely misses you. The iguana bites you.
* * * LOW HITPOINT WARNING * * *
The orc wizard casts a spell at you. The magic dart hits you.
* * * LOW HITPOINT WARNING * * *
You climb upwards.
There is a stone staircase leading down here.
You hit the orc wizard.
Your tail-slap misses the orc wizard.
The orc wizard is severely wounded.
The iguana misses you.
The orc wizard hits you but does no damage.
You hit the orc wizard but do no damage.
Lightning courses through the orc wizard!!
You kill the orc wizard!
Vehumet accepts your kill. The iguana closely misses you.
Casting: Searing Ray (safe; 1% risk of failure)
Confirm with . or Enter, or press ? or * to list all spells.
Aiming: Searing Ray (safe; 1% risk of failure)
Press: ? - help, Shift-Dir - straight line, f - iguana
Aim: an iguana (83% to hit)
The searing ray hits the iguana!
The iguana is heavily wounded. (Press . to maintain the ray.)
The iguana bites you!
You die...

####.#####....#.#.##
#...........#.#.#.)#
##.#....###...#.#..#
#......###.###.##.#
####..............##
#.......###.....#
#.#.#.....+.....#
#l..#.#.###.....##
#@........'.......
##)......##.....##
#.......##..<..##
#.......##.....##
#.......#########
#.......# #
#.......# #########
#####


You could see an iguana.

Vanquished Creatures
  A centaur (D:6)
  A phantom (D:5)
  A bullfrog (D:6)
  3 scorpions
  6 hounds
  3 orc priests
  A gnoll bouda (D:6)
  3 iguanas
  7 orc wizards
  7 adders
  10 gnolls
  A shadow imp (D:6)
  A white imp (D:6)
  An ufetubus (D:6)
  2 worms (D:2)
  23 orcs
  5 ball pythons
  6 bats
  5 endoplasms
  3 giant cockroaches
  14 goblins
  5 hobgoblins
  7 jackals
  3 quokkas
  6 frilled lizards
  8 kobolds
  3 rats (D:1)
136 creatures vanquished.

Notes
Turn   | Place    | Note
-------+----------+-------------------------------------------
     0 | D:1      | voltaire321 the Draconian Conjurer began the quest for the
                  | Orb.
     0 | D:1      | Reached XP level 1. HP: 14/14 MP: 3/3
   184 | D:1      | Reached XP level 2. HP: 22/22 MP: 3/5
   319 | D:1      | Learned a level 2 spell: Searing Ray
   497 | D:1      | Reached skill level 1 in Fighting
   579 | D:1      | Found a faded altar of an unknown god.
   910 | D:1      | Reached XP level 3. HP: 28/28 MP: 4/6
  1519 | D:2      | Reached XP level 4. HP: 36/36 MP: 1/7
  2317 | D:3      | Found a radiant altar of Vehumet.
  2443 | D:3      | Became a worshipper of Vehumet
  2820 | D:3      | Reached XP level 5. HP: 42/42 MP: 5/9
  3519 | D:4      | Found an ancient bone altar of Kikubaaqudgha.
  3525 | D:4      | Found a shimmering blue altar of Sif Muna.
  3826 | D:4      | Reached skill level 5 in Conjurations
  3833 | D:4      | Reached * piety under Vehumet
  3833 | D:4      | Offered knowledge of Kiss of Death by Vehumet.
  3834 | D:4      | Reached XP level 6. HP: 44/51 MP: 2/10
  3906 | D:4      | Learned a level 3 spell: Dazzling Flash
  4035 | D:4      | Found a sparkling altar of Nemelex Xobeh.
  4341 | D:4      | Reached skill level 1 in Hexes
  4458 | D:4      | You fall into a shaft and drop 2 floors!
  4486 | D:6      | Your scales start taking on a lurid green colour.
  4486 | D:6      | Reached XP level 7. HP: 53/58 MP: 3/12
  4486 | D:6      | Gained mutation: Your system is resistant to poisons.
                  | (rPois) [Green Draconian growth]
  4681 | D:5      | Entered Level 5 of the Dungeon
  4699 | D:5      | Offered knowledge of Freeze by Vehumet.
  5086 | D:5      | Found a glowing silver altar of Zin.
  5247 | D:5      | Reached ** piety under Vehumet
  5248 | D:5      | Reached skill level 1 in Shields
  5429 | D:5      | Reached XP level 8. HP: 67/67 MP: 9/14
  5776 | D:6      | Reached skill level 6 in Conjurations
  5988 | D:5      | Slain by an iguana

Illustrated notes

Levels and vault maps discovered:
D:1:      dpeg_arrival_subterranean_lakeside_camping, layout_loops_ring,
          hellmonk_ecumenical_altar_blasted, glass_columns_b,
          minmay_misc_feat_rugged, nicolae_figureground_pulse
D:2:      layout_loops_ring, minmay_small_reverse_x
D:3:      layout_basic, vehumet_altar_wand_db, serial_rivers,
          chequers_serial_rivers_room_b, chequers_serial_rivers_micro_a,
          chequers_serial_rivers_small_3, chequers_serial_rivers_small_b,
          chequers_serial_rivers_room_b, corexii_corridor_pit
D:4:      layout_gridville, grunt_temple_overflow_open
D:5:      layout_basic, zin_statuary, hangedman_decor_riveting
D:6:      minmay_clustersquares, layout_rooms,
          minmay_temple_entry_statues_pillars

Skill      XL: |  1  2  3  4  5  6  7  8 |
---------------+-------------------------+-----
Dodging        | 2 3 4 |  4.6
Fighting       | 1 2 3 4 |  4.9
Spellcasting   | 3 4 |  4.5
Conjurations   | 5 6 |  6.2
Hexes          | 1 2 |  2.0
Shields        | 1 2 |  2.1
Stealth        | |  1.7

Action                     |  1- 3 |  4- 6 |  7- 9 || total
---------------------------+-------+-------+-------++-------
  Melee: Unarmed           |    21 |       |       ||    21
         Tailslap          |     7 |     1 |     9 ||    17
         Punch             |     1 |       |       ||     1
         Dagger            |    24 |    44 |    98 ||   166
   Cast: Magic Dart        |    53 |    61 |    39 ||   153
         Searing Ray       |     1 |    21 |    16 ||    38
   Stab: Sleeping          |     3 |       |       ||     3
 Armour: Skin              |    14 |    31 |    85 ||   130
  Dodge: Dodged            |    29 |    53 |    96 ||   178

Table legend: (Time is in decaauts)
 A = Elapsed time spent in this place.
 B = Non-inter-level travel time spent in this place.
 C = Inter-level travel time spent in this place.
 D = Time resting spent in this place.
 E = Time spent auto-exploring this place.
 F = Levels seen in this place.
 G = Mean time per level.
                   A        B        C        D        E       F      G
               +--------+--------+--------+--------+--------+-----+--------+
         Total |   6007 |   5787 |    220 |    807 |   3763 |   6 | 1001.2 |
       Dungeon |   6007 |   5787 |    220 |    807 |   3763 |   6 | 1001.2 |
               +--------+--------+--------+--------+--------+-----+--------+

Top non-repeatable levels by time:
     D:3: 1616 daAuts
     D:1: 1202 daAuts
     D:5: 1129 daAuts
     D:2: 1020 daAuts
     D:4: 701 daAuts
     D:6: 336 daAuts
